 Dungeon Crawl Stone Soup version 0.29.1-1-gd02db6906a (webtiles) character file.

Game seed: 4015390184398861316

1999 funkygono the Thaumaturge (level 9, 0/46 HPs)
             Began as a Deep Elf Fire Elementalist on Oct 18, 2022.
             Was a Follower of Sif Muna.
             Slain by a gnoll sergeant
             ... wielding a +1 spear of pain
              (8 damage)
             ... on level 6 of the Dungeon.
             The game lasted 00:08:18 (5654 turns).

funkygono the Thaumaturge (DEFE)                    Turns: 5654, Time: 00:08:19

Health: 0/46       AC:  9    Str: 10    XL:     9   Next: 2%
Magic:  16/24      EV: 13    Int: 25    God:    Sif Muna [*.....]
Gold:   330        SH:  0    Dex: 21    Spells: 20/27 levels left

rFire   x . .      SeeInvis .   q - +2 quarterstaff (chaos)
rCold   + . .      Faith    .   (shield currently unavailable)
rNeg    . . .      Spirit   .   f - +0 troll leather armour {Pargi}
rPois   .          Reflect  .   k - +1 helmet
rElec   +          Harm     .   d - +0 cloak
rCorr   .          Rampage  .   m - +0 pair of gloves
Will    +....                   v - +0 pair of boots
Stlth   +++.......              s - amulet of magic regeneration
HPRegen 0.95/turn               c - ring "Poosei" {Contam rElec Will+ Str+5 Dex+6}
MPRegen 0.59/turn               n - ring of ice

@: no status effects
A: no striking features
a: Renounce Religion, Channel Magic


You were on level 6 of the Dungeon.
You worshipped Sif Muna.
Sif Muna was aware of your devotion.
You visited 2 branches of the dungeon, and saw 7 of its levels.

You collected 330 gold pieces.

Inventory:

Hand Weapons
 e - a +0 dagger
 g - a +2 dagger of draining
 l - the +5 hammer of Tidoklunudo {vorpal, rPois Will- Str+3 Int+3}
   (You found it on level 2 of the Dungeon)

   It inflicts extra damage upon your enemies.
   Str:       It affects your strength (+3).
   Int:       It affects your intelligence (+3).
   rPois:     It protects you from poison.
   Will:      It decreases your willpower.
 q - a +2 quarterstaff of chaos (weapon)
Missiles
 y - 2 throwing nets
Armour
 a - a +0 robe
 d - a +0 cloak (worn)
 f - a +0 troll leather armour (worn) {Pargi}
 k - a +1 helmet (worn)
 m - a +0 pair of gloves (worn)
 v - a +0 pair of boots (worn)
Jewellery
 c - the ring "Poosei" (left hand) {Contam rElec Will+ Str+5 Dex+6}
   (You acquired it on level 1 of the Dungeon)

   [ring of dexterity]

   Str:       It affects your strength (+5).
   Dex:       It affects your dexterity (+6).
   rElec:     It insulates you from electricity.
   Contam:    It causes magical contamination when unequipped.
   Will:      It increases your willpower.
 n - a ring of ice (right hand)
 s - an amulet of magic regeneration (around neck)
 x - a +6 ring of strength
Wands
 i - a wand of flame (16)
 w - a wand of mindburst (9)
Scrolls
 z - a scroll of fear
 A - a scroll of teleportation {unknown}
Potions
 b - 3 potions of magic
 h - a potion of might {unknown}
 j - a potion of attraction
 o - 3 potions of berserk rage
 p - a potion of cancellation {unknown}
 r - a potion of lignification {unknown}
 t - 2 potions of curing
 u - a potion of degeneration {unknown}


   Skills:
 + Level 0.9 Fighting
 + Level 1.1 Staves
 + Level 1.9 Armour
 + Level 3.1 Dodging
 + Level 4.3 Stealth
 + Level 9.9 Spellcasting
 + Level 3.8 Conjurations
 + Level 8.5 Fire Magic


You had 20 spell levels left.
You knew the following spells:

 Your Spells              Type           Power      Damage    Failure   Level
a - Foxfire               Conj/Fire      100%       2x1d9     1%          1
b - Scorch                Fire           100%       2d10      1%          2
c - Flame Wave            Conj/Fire      43%        2d11      4%          4

Your spell library contained the following spells:

 Spells                   Type           Power      Damage    Failure   Level
 Conjure Flame            Conj/Fire      43%        6-21      1%          3
 Inner Flame              Hex/Fire       33%        N/A       3%          3


Dungeon Overview and Level Annotations

Branches:
Dungeon (6/15)             Temple (1/1) D:4

Altars:
Ashenzari
Cheibriados
Dithmenos
Elyvilon
Fedhas
Gozag
Hepliaklqana
Kikubaaqudgha
Okawaru
Qazlal
Ru
Sif Muna
Trog
Uskayaw
Vehumet
Wu Jian
Xom
Zin
The Shining One


Message History

The gnoll sergeant hits you from afar with a +1 spear of pain!
You writhe in agony.
The gnoll sergeant barely misses you.
Found a stone staircase leading down.
The gnoll sergeant closely misses you.
The gnoll barely misses you. x2; The gnoll hits you with a +0 whip.
The gnoll barely misses you. The gnoll sergeant barely misses you.
Casting: Scorch (safe; 1% risk of failure)
Confirm with . or Enter, or press ? or * to list all spells.
Casting: Flame Wave (dangerous; 4% risk of failure)
Press: ? - help, Dir - look around, f - activate A wave of flame ripples out!
The flame wave engulfs the gnoll!
You kill the gnoll!
The gnoll's corpse dissolves into shadows!
The flame wave engulfs the gnoll sergeant.
The gnoll sergeant is almost dead.
The flame wave engulfs the gnoll!
The gnoll is almost dead.
The flame wave engulfs the gnoll!
The gnoll is almost dead. (Press . to intensify the flame waves.)
You hear an angry growl.
The gnoll sergeant hits you but does no damage.
The gnoll barely misses you. The gnoll closely misses you.
The gnoll misses you.
A wave of flame ripples out!
The flame wave engulfs the gnoll sergeant.
The gnoll sergeant is almost dead.
The flame wave engulfs the gnoll!
You kill the gnoll!
The gnoll's corpse dissolves into shadows!
The flame wave engulfs the gnoll!
You kill the gnoll!
The gnoll's corpse dissolves into shadows!
The flame wave engulfs the gnoll.
The gnoll is lightly wounded.
You hear a howl!
The gnoll sergeant hits you with a +1 spear of pain!!
* * * LOW HITPOINT WARNING * * *
The gnoll misses you.
The gnoll sergeant hits you with a +1 spear of pain!
You die...

#.....#.....).....#
#...............### ..
#..)..#.........####..
#?....#####.##.##.....
#.....#####.##.#.$....
#.........#........<..
#.....................
#.........####........
#######.### #.@g......
#.# ###.#.g..... #.#
#...##...... #.# #.###
...... #.###.# >....
#.##..# ..... #.##.##
.... #....# ....
#..###


You could see a gnoll sergeant (berserk) and a gnoll.

Vanquished Creatures
  Sigmund (D:2)
  An orc warrior (D:6)
  Pargi (D:3)
  3 black bears
  2 wolves (D:5)
  A necrophage (D:6)
  4 gnoll sergeants (D:5)
  2 scorpions (D:5)
  7 hounds
  3 orc priests
  A gnoll bouda (D:5)
  Crazy Yiuf (D:2)
  An iguana (D:4)
  3 orc wizards (D:6)
  19 gnolls
  6 adders
  An ufetubus (D:6)
  2 worms (D:2)
  9 orcs
  6 endoplasms
  4 giant cockroaches
  9 goblins
  5 hobgoblins
  5 jackals (D:5)
  11 kobolds
  A quokka (D:2)
  6 ball pythons
  3 bats
  2 frilled lizards
  2 rats
122 creatures vanquished.

Vanquished Creatures (collateral kills)
  2 foxfires
2 creatures vanquished.

Vanquished Creatures (others)
  365 foxfires
  2 plants (D:4)
367 creatures vanquished.

Grand Total: 491 creatures vanquished

Notes
Turn   | Place    | Note
-------+----------+-------------------------------------------
     0 | D:1      | funkygono the Deep Elf Fire Elementalist began the quest
                  | for the Orb.
     0 | D:1      | Reached XP level 1. HP: 10/10 MP: 6/6
   208 | D:1      | Reached XP level 2. HP: 15/15 MP: 5/8
   234 | D:1      | Identified a scroll of acquirement
   234 | D:1      | Acquired the ring "Poosei" {Contam rElec Will+ Str+5 Dex+6}
   248 | D:1      | Learned a level 2 spell: Scorch
   972 | D:2      | Reached XP level 3. HP: 19/19 MP: 6/10
  1074 | D:2      | Noticed Sigmund
  1080 | D:2      | Killed Sigmund
  1081 | D:2      | Reached skill level 5 in Spellcasting
  1081 | D:2      | Reached XP level 4. HP: 24/24 MP: 7/13
  1081 | D:2      | Reached XP level 5. HP: 28/28 MP: 7/14
  1155 | D:2      | Found a runed translucent door.
  1155 | D:2      | Identified the +5 hammer of Tidoklunudo {vorpal, rPois
                  | Will- Str+3 Int+3}
  1156 | D:2      | Noticed Crazy Yiuf
  1745 | D:2      | Killed Crazy Yiuf
  1746 | D:2      | Reached skill level 5 in Fire Magic
  1827 | D:3      | Noticed Pargi
  1833 | D:3      | Killed Pargi
  1834 | D:3      | Reached XP level 6. HP: 32/32 MP: 4/16
  1943 | D:3      | Learned a level 4 spell: Flame Wave
  2164 | D:3      | Reached skill level 6 in Spellcasting
  2355 | D:3      | Found a faded altar of an unknown god.
  3158 | D:4      | Found a staircase to the Ecumenical Temple.
  3170 | Temple   | Entered the Ecumenical Temple
  3262 | Temple   | Became a worshipper of Sif Muna the Loreminder
  3384 | D:4      | Reached XP level 7. HP: 33/36 MP: 8/19
  3625 | D:4      | Reached skill level 7 in Spellcasting
  4106 | D:5      | Entered Level 5 of the Dungeon
  4383 | D:5      | Reached skill level 8 in Spellcasting
  4564 | D:5      | Reached XP level 8. HP: 41/41 MP: 19/22
  4744 | D:5      | Found a shadowy altar of Dithmenos.
  4795 | D:5      | Found a glowing silver altar of Zin.
  4825 | D:5      | Reached * piety under Sif Muna
  5073 | D:5      | Reached skill level 1 in Staves
  5073 | D:5      | Reached skill level 1 in Armour
  5154 | D:5      | Reached skill level 9 in Spellcasting
  5569 | D:6      | Reached XP level 9. HP: 41/46 MP: 12/24
  5654 | D:6      | Slain by a gnoll sergeant

Illustrated notes

Levels and vault maps discovered:
D:1:      co_arrival_square_in_a_square_in_a_square, layout_rooms
D:2:      layout_loops_cross, uniq_sigmund, uniq_crazy_yiuf_cottage
D:3:      layout_loops_cross, basic_ecumenical_altar, uniq_pargi
D:4:      layout_basic, minmay_temple_entry_statues, chequers_big_river
D:5:      layout_cave_pools, mainiacjoe_overflow_six_doors_small,
          nicolae_dithmenos_the_darkroom, serial_gnoll_camp,
          gnoll_camp_mini_sergeant, gnoll_camp_mini_house,
          gnoll_camp_mini_doghouse, gnoll_camp_huts_basic, minmay_hedge_maze
D:6:      layout_rooms, nemelex_spade_bored_becter
Temple:   bh_familiar_temple

Skill      XL: |  1  2  3  4  5  6  7  8 |
---------------+-------------------------+-----
Stealth        | 3 4 |  4.3
Spellcasting   | 5 6 8 9 |  9.9
Conjurations   | 2 3 |  3.8
Fire Magic     | 4 5 6 8 |  8.5
Staves         | 1 |  1.1
Armour         | 1 |  1.9
Dodging        | 3 |  3.1
Fighting       | |  0.9

Action                   |  1- 3 |  4- 6 |  7- 9 || total
-------------------------+-------+-------+-------++-------
Melee: Dagger            |       |     1 |       ||     1
       Quarterstaff      |       |     4 |    18 ||    22
 Cast: Foxfire           |    33 |    67 |   106 ||   206
       Scorch            |     6 |    21 |    42 ||    69
       Flame Wave        |       |       |     2 ||     2
  Use: Scroll            |     4 |     4 |     4 ||    12
Armor: Robe              |     1 |     1 |       ||     2
       Troll leather arm |       |     4 |    21 ||    25
Dodge: Dodged            |     1 |     7 |    65 ||    73
